 Dungeon Crawl Stone Soup version 0.30.1-4-g462c640d31 (webtiles) character file.

Game seed: 10721380323021473413

1201 LynnLen the Sneak (level 8, -2/39 HPs)
             Began as a Spriggan Enchanter on Sept 8, 2023.
             Killed from afar by an orc wizard (4 damage)
             ... with a magic dart
             ... on level 5 of the Dungeon.
             The game lasted 00:16:28 (5776 turns).

LynnLen the Sneak (Spriggan Enchanter)              Turns: 5776, Time: 00:16:29

Health: -2/39      AC:  2    Str:  4    XL:     8   Next: 21%
Magic:  13/15      EV: 24    Int: 18    God:
Gold:   155        SH:  0    Dex: 16    Spells: 8/16 levels left

rFire   . . .        f - +2 dagger (vamp)
rCold   . . .        (no shield)
rNeg    . . .        b - +0 robe
rPois   .            (helmet restricted)
rElec   .            (no cloak)
rCorr   .            (gloves unavailable)
SInv    +            (boots unavailable)
Will    +....        (no amulet)
Stlth   +++          e - +5 ring of evasion
HPRegen 0.26/turn    (no ring)
MPRegen 0.14/turn

%: no passive effects
@: very quick
A: very small, no large weapons, unfitting armour, see invisible, speed 3
a: no special abilities


You were on level 5 of the Dungeon.
You visited 1 branch of the dungeon, and saw 5 of its levels.

You collected 167 gold pieces.
You spent 12 gold pieces at shops.

Inventory:

Hand Weapons
 a - a +1 dagger
 f - a +2 vampiric dagger (weapon)
Armour
 b - a +0 robe (worn)
Jewellery
 e - a +5 ring of evasion (left hand)
 q - a ring of ice
Scrolls
 d - a scroll of poison
 g - a scroll of fear {unknown}
 i - 2 scrolls of teleportation
 j - 2 scrolls of blinking
 k - 2 scrolls of amnesia {unknown}
 r - a scroll of immolation {unknown}
Potions
 c - a potion of invisibility
 h - a potion of haste
 l - a potion of cancellation
 m - a potion of heal wounds
 n - a potion of attraction
 o - a potion of flight
 p - 3 potions of lignification {unknown}


   Skills:
 + Level 2.3 Fighting
 + Level 3.6 Short Blades
 + Level 5.1 Dodging
 + Level 6.6 Stealth
 + Level 4.6 Spellcasting
 * Level 6.6 Hexes
 * Level 3.7 Ice Magic


You had 8 spell levels left.
You knew the following spells:

 Your Spells              Type           Power      Damage    Failure   Level
a - Ensorcelled Hibernat  Hex/Ice        44%        N/A       2%          2
b - Confusing Touch       Hex            27%        N/A       2%          3
c - Tukima's Dance        Hex            27%        N/A       2%          3

Your spell library contained the following spells:

 Spells                   Type           Power      Damage    Failure   Level
 Slow                     Hex            100%       N/A       1%          1
 Dazzling Flash           Conj/Hex       32%        N/A       11%         3
 Inner Flame              Hex/Fire       16%        N/A       11%         3
 Magic Dart               Conj           16%        1d3       14%         1
 Call Imp                 Summ           8%         N/A       22%         2
 Gell's Gravitas          Tloc           4%         N/A       38%         3
 Mephitic Cloud           Conj/Pois/Air  4%         N/A       38%         3
 Teleport Other           Tloc           4%         N/A       38%         3
 Vampiric Draining        Necr           4%         2d6       38%         3
 Flame Wave               Conj/Fire      4%         2d5       80%         4
 Sticky Flame             Conj/Fire      4%         2d3       80%         4
 Dispersal                Tloc           2%         N/A       100%        6


Dungeon Overview and Level Annotations

Branches:
Dungeon (5/15)             Temple (0/1) D:5

Altars:
Ashenzari
Gozag
Nemelex Xobeh
Vehumet
Zin

Shops:
D:5 !

Annotations:
D:2 Robin


Innate Abilities, Weirdness & Mutations

You are very small and have problems with some larger weapons.
You are too small for most types of armour.
You have supernaturally acute eyesight. (SInv)
You cover ground extremely quickly. (Speed+++)


Message History

A black bear comes into view.
There is an entrance to Hoamofou's Distillery here.
s - a potion of degeneration Thank you for shopping at Hoamofou's Distillery!
You can access your shopping list by pressing '$'.
You drop a potion of degeneration.
The helpless black bear fails to defend itself.
You skewer the black bear like a kebab!!!
You kill the black bear!
p - 3 metallic ruby potions (gained 1)
Found a stone staircase leading down.
An orc wizard comes into view. It is wielding a +0 dagger.
An orc wizard is nearby!
An orc wizard is nearby!
An orc wizard is nearby!
An orc wizard comes into view. It is wielding a +0 dagger. x2
An orc priest comes into view. It is wielding a +0 mace.
The orc wizard shouts! x2
The orc priest moves out of view.
Aiming: Ensorcelled Hibernation (safe; 2% risk of failure)
Press: ? - help, Q - select action, (/) - cycle Shift-Dir - straight line, f - orc wizard
Aim: an orc wizard, wielding a +0 dagger and wearing a +0 robe (chance to affect: 54%)
The orc wizard looks drowsy...
Unknown command.
The helpless orc wizard fails to defend itself.
You impale the orc wizard!!
You kill the orc wizard!
The orc priest calls down the wrath of Beogh upon you.
Beogh smites you!
The orc priest calls down the wrath of Beogh upon you.
Beogh smites you!
The orc wizard gestures at you while chanting.
You resist with almost no effort.
You closely miss the orc wizard.
The orc priest invokes the aid of Beogh against you.
Beogh smites you!
* * * LOW HITPOINT WARNING * * *
The orc wizard points at you and mumbles some strange words.
The magic dart hits you.
You die...

##......####..........##
........# ###..........##
...))...###.............##
....)...............#....#
....).####...............#
......#.##.##.......##...#
..............#...###....#
............####..###...##
......##....#.##@#..#...#
.....###.#.>...o.#......#
......##.##.........#..##
..............).....####
...........o.#....>.#
.............#..o.###
...........##.....#
............##....#
...##..##..####....


You could see an orc priest and 2 orc wizards.

Vanquished Creatures
  Sigmund (D:2)
  2 black bears
  A phantom (D:4)
  Blork the orc (D:5)
  2 scorpions (D:4)
  4 orc priests
  A gnoll bouda (D:4)
  2 hounds
  An iguana (D:4)
  3 orc wizards
  3 gnolls
  5 adders
  A shadow imp (D:5)
  5 worms
  3 dart slugs
  21 orcs
  2 endoplasms
  2 giant cockroaches
  13 goblins
  8 hobgoblins
  2 jackals (D:4)
  3 quokkas
  4 ball pythons
  5 bats
  11 frilled lizards
  5 kobolds
  7 rats
118 creatures vanquished.

Vanquished Creatures (collateral kills)
  An ogre (D:5)
1 creature vanquished.

Vanquished Creatures (others)
  A dancing weapon (D:5)
1 creature vanquished.

Grand Total: 120 creatures vanquished

Notes
Turn   | Place    | Note
-------+----------+-------------------------------------------
     0 | D:1      | LynnLen the Spriggan Enchanter began the quest for the Orb.
     0 | D:1      | Reached XP level 1. HP: 9/9 MP: 5/5
    77 | D:1      | Found a faded altar of an unknown god.
   177 | D:1      | Reached XP level 2. HP: 12/13 MP: 6/6
   702 | D:2      | Learned a level 2 spell: Ensorcelled Hibernation
   723 | D:2      | Reached XP level 3. HP: 17/17 MP: 8/8
   728 | D:2      | Noticed Robin
   747 | D:2      | Reached skill level 1 in Ice Magic
   937 | D:2      | Noticed Sigmund
  1170 | D:2      | Killed Sigmund
  1171 | D:2      | Reached skill level 1 in Fighting
  1171 | D:2      | Reached skill level 5 in Stealth
  1171 | D:2      | Reached XP level 4. HP: 22/22 MP: 7/10
  1171 | D:2      | Reached XP level 5. HP: 25/25 MP: 7/11
  1747 | D:3      | Found a glowing silver altar of Zin.
  1798 | D:3      | Reached XP level 6. HP: 30/30 MP: 5/12
  2028 | D:3      | Reached skill level 5 in Hexes
  2148 | D:3      | Found a broken altar of Ashenzari.
  2448 | D:3      | Learned a level 3 spell: Confusing Touch
  2452 | D:3      | Learned a level 3 spell: Tukima's Dance
  2720 | D:3      | Found a radiant altar of Vehumet.
  3723 | D:4      | Found an opulent altar of Gozag.
  3723 | D:4      | Found a sparkling altar of Nemelex Xobeh.
  4040 | D:4      | Reached XP level 7. HP: 33/33 MP: 7/13
  4479 | D:5      | Entered Level 5 of the Dungeon
  4488 | D:5      | Noticed Blork the orc
  4901 | D:5      | Killed Blork the orc
  5499 | D:5      | Reached XP level 8. HP: 39/39 MP: 5/15
  5598 | D:5      | Reached skill level 5 in Dodging
  5636 | D:5      | Found Hoamofou's Distillery.
  5659 | D:5      | Found a staircase to the Ecumenical Temple.
  5700 | D:5      | Bought a potion of degeneration for 12 gold pieces
  5776 | D:5      | Killed from afar by an orc wizard

Illustrated notes

Levels and vault maps discovered:
D:1:      mushboom_english_gardens, layout_rooms, basic_ecumenical_altar,
          grunt_decor_one_mirror, minmay_stone_trees_medium, minmay_tetromino_s4
D:2:      layout_basic, uniq_sigmund, uniq_robin
D:3:      layout_basic, mainiacjoe_overflow_paths, cheibrodos_ashenzari_chains,
          nicolae_overflow_hidden_temple
D:4:      layout_layer_cave, grunt_temple_overflow_opulence, minmay_lizard_king
D:5:      cheibrodos_quashed, layout_cave_pools,
          minmay_temple_entry_from_below_a, serial_shops, shop,
          minmay_misc_feat_hallway, uniq_blork_the_orc

Skill      XL: |  1  2  3  4  5  6  7  8 |
---------------+-------------------------+-----
Hexes          | 4 5 6 |  6.6
Dodging        | 3 4 5 |  5.1
Ice Magic      | 1 2 3 |  3.7
Fighting       | 1 2 |  2.3
Short Blades   | 2 3 |  3.6
Stealth        | 5 6 |  6.6
Spellcasting   | 3 4 |  4.6

Action                     |  1- 3 |  4- 6 |  7- 9 || total
---------------------------+-------+-------+-------++-------
  Melee: Dagger            |   126 |   139 |    64 ||   329
         Punch             |       |     2 |     2 ||     4
   Cast: Ensorcelled Hiber |     5 |    33 |    20 ||    58
         Tukima's Dance    |       |       |     4 ||     4
         Confusing Touch   |       |       |     2 ||     2
    Use: Potion            |     1 |       |       ||     1
         Scroll            |       |     8 |       ||     8
   Stab: Sleeping          |    10 |    26 |    20 ||    56
         Invisible         |     5 |       |       ||     5
         Confused          |       |       |     3 ||     3
 Armour: Robe              |    12 |     6 |     2 ||    20
  Dodge: Dodged            |   145 |    97 |    68 ||   310
